AoeStats
← Stormtrooper

Arabia

506413113Analyzed
1v1 RM · 20d ago on Sep 13, 2026· 49m 25s· 2 players
Game mode
Random Map
Map size
Tiny (2 player)
Population
200
Speed
Normal
Resources
Standard
Victory
Conquest
Starting age
Dark Age
Ending age
Imperial Age
RankedLock teamsTeams togetherTeam positionsShared explorationLock speedFull tech treeHidden civsTurbo modeCheats
Victory
Defeat
🇳🇱 Franks · Netherlands
1085
+14
🇹🇼 Bulgarians · Taiwan
1041
-14
❁屁演❁
4:05 Loom
11:18 Feudal Age
13:14 Double-Bit Axe
15:11 Arson
15:19 Horse Collar
21:15 Forging
24:51 Wheelbarrow
24:53 Scale Mail Armor
27:51 Castle Age
28:50 Heavy Plow
29:02 Bow Saw
29:17 Gold Mining
29:46 Hand Cart
29:51 Pikeman
30:34 Squires
34:42 Iron Casting
35:45 Chain Mail Armor
38:31 Fletching
38:36 Town Watch
43:07 Murder Holes
45:05 Town Patrol
49:15 Imperial Age
Stormtrooper
7:11 Loom
10:25 Feudal Age
11:01 Double-Bit Axe
21:24 Castle Age
25:35 Bow Saw
38:07 Scale Mail Armor
38:18 Forging
39:41 Fletching
42:22 #83
45:08 Wheelbarrow
45:42 Scale Barding Armor
47:43 Chain Mail Armor
48:04 Iron Casting
47:32 Husbandry
50:17 Chain Barding Armor
Connection lost

Rejoining the realm…

Still unreachable

The connection could not be restored.

Session expired

The server has moved on; the page needs a fresh start.